 Dungeon Crawl Stone Soup version 0.22.0 (webtiles) character file.

1253 Gorglomux the Covered (level 8, -3/52 HPs)
             Began as a Gargoyle Fighter on Aug 11, 2018.
             Was a Follower of the Shining One.
             Blown up by Pikel (15 damage)
             ... with a wand of disintegration (5)
             ... on level 6 of the Dungeon.
             The game lasted 00:02:45 (4466 turns).

Gorglomux the Covered (Gargoyle Fighter)            Turns: 4466, Time: 00:02:46

Health: -3/52      AC: 16    Str: 21    XL:     8   Next: 51%
Magic:  7/7        EV: 10    Int: 10    God:    the Shining One [*.....]
Gold:   374        SH: 10    Dex:  9    Spells: 7/7 levels left

rFire    . . .     SeeInvis .   a - +0 war axe
rCold    + . .     Gourm    .   Z - +0 shield
rNeg     + + .     Faith    .   b - +0 scale mail
rPois    ∞         Spirit   .   (helmet restricted)
rElec    +         Reflect  .   (no cloak)
rCorr    .         Harm     .   (no gloves)
MR       .....                  T - +2 pair of boots
Stlth    ..........             (no amulet)
HPRegen  0.17/turn              c - ring of protection from cold
MPRegen  0.10/turn              R - ring of positive energy

@: glowing
A: horns 1, repulsion field 1, low mp 1, negative energy resistance 1,
electricity resistance, unbreathing, petrification resistance, rot immunity, AC
+5
a: Renounce Religion


You were on level 6 of the Dungeon.
You worshipped the Shining One.
The Shining One was aware of your devotion.
You were not hungry.

You visited 2 branches of the dungeon, and saw 7 of its levels.

You collected 374 gold pieces.

Inventory:

Hand Weapons
 a - a +0 war axe (weapon)
Armour
 b - a +0 scale mail (worn)
 k - a +0 pair of boots
 T - a +2 pair of boots (worn)
 Z - a +0 shield (worn)
Jewellery
 c - a ring of protection from cold (left hand)
 x - an uncursed ring of stealth
 R - a ring of positive energy (right hand)
Wands
 D - a wand of digging (13)
Scrolls
 g - 5 scrolls of enchant weapon {unknown}
 h - 2 scrolls of teleportation {unknown}
 j - 5 scrolls of identify {unknown}
 l - 7 scrolls of remove curse {unknown}
 S - a scroll of fog {unknown}
 V - a scroll of fear {unknown}
 X - a scroll of immolation {unknown}
 Y - a scroll of magic mapping {unknown}
Potions
 d - a potion of might
 Q - 3 potions of curing
 U - a potion of lignification {unknown}
 W - a potion of degeneration {unknown}
Comestibles
 f - 9 rations


   Skills:
 + Level 6.3 Fighting
 + Level 4.8 Axes
 + Level 6.4 Armour
 + Level 6.3 Shields


You had 7 spell levels left.
You didn't know any spells.
Your spell library contained the following spells:

 Spells                   Type           Power        Failure   Level  Hunger
 Magic Dart               Conj           #...         96%         1    ##.....
 Conjure Flame            Conj/Fire      #.......     100%        3    ####...
 Slow                     Hex            #.......     99%         2    ###....
 Mephitic Cloud           Conj/Pois/Air  #.......     100%        3    ####...
 Blink                    Tloc           N/A          99%         2    ###....
 Call Imp                 Summ           #.......     99%         2    ###....


Dungeon Overview and Level Annotations

Branches:
Dungeon (6/15)             Temple (1/1) D:5

Altars:
Ashenzari
Cheibriados
Dithmenos
Elyvilon
Fedhas
Gozag
Hepliaklqana
Kikubaaqudgha
Makhleb
Nemelex Xobeh
Okawaru
Qazlal
Ru
Sif Muna
Trog
Uskayaw
Vehumet
Wu Jian
Xom
Yredelemnul
Zin
The Shining One

Shops:
D:4 :

Annotations:
D:3 1 runed door
D:6 1 runed door, Nattefrost's ghost, novice DrHu; Pikel


Innate Abilities, Weirdness & Mutations

You are resistant to torment.
Your stone body is resilient. (AC +5)
You are immune to poison.
You resist negative energy. (rN+)
You are resistant to electric shocks. (rElec)
You can survive without breathing.
You are immune to petrification.
You are immune to rotting.
You have a pair of small horns on your head.
You are surrounded by a mild repulsion field. (EV +2)
Your magical capacity is low. (-10% MP)


Message History

You are too injured to fight recklessly!!!
You are too injured to fight recklessly!!!
Unknown command!
You open Pikel like a pillowcase! Your headbutt misses Pikel!
Pikel is heavily wounded!
You open the slave but butt no butt! Pikel hits you but does no damage!
You block the slave's attack!
You are too injured to fight recklessly!!!
You are too injured to fight recklessly!!!
You are too injured to fight recklessly!!!
You are butt injured to fight recklessly!!!
Unknown command!
You are too injured to fight recklessly!!!
You butt too injured to fight recklessly!!!
You are too injured to fight recklessly!!!
You are too injured to fight recklessly!!!
Unknown command!
Pikel hits you but does no damage!
Butt zaps a wand!
You are blasted!!! rip

### ###################..
#..##.#.....#....#.......
##.....#.....#....#.......
..#............#....'.......
...K.......%.......##.......
...p.pp.....................
..#.....#pp...#......#####..
... #.###.#K###.#.###..# #..
..... # ..#..@..#......# #..
.. .# #..%..#.........# #..
###.#
#$###.#.###.....#+#####
....# .. #.
..#.........#...##. .#.. .#
$. #........#+###......
.#.###$#
#.###...#........##.
.#..(..#
#.......#........##. .§..#..
.# ........#...........
###.#.###.#
#......#...........


You could see Pikel.

Vanquished Creatures
  Sigmund (D:3)
  A slave (D:6)
  An ice beast (D:6)
  2 phantoms
  An ogre (D:4)
  A centaur (D:6)
  2 scorpions
  A crimson imp (D:6)
  2 hounds
  A jelly (D:6)
  4 orc wizards (D:5)
  2 iguanas
  5 worker ants
  A gnoll (D:1)
  4 adders
  A howler monkey skeleton (D:4)
  2 shadow imps (D:5)
  An adder zombie (D:6)
  An adder skeleton (D:4)
  4 worms
  2 dart slugs (D:1)
  3 leopard geckos
  7 orcs
  2 ball pythons
  5 bats
  4 giant cockroaches
  8 goblins
  8 hobgoblins
  5 kobolds
  3 quokkas
  A ball python skeleton (D:4)
  3 frilled lizards
  A giant cockroach zombie (D:5)
  A jackal skeleton (D:6)
  A leopard gecko zombie (D:5)
  A quokka skeleton (D:4)
  4 rats
97 creatures vanquished.

Vanquished Creatures (others)
  An orc wizard (D:5)
1 creature vanquished.

Grand Total: 98 creatures vanquished

Notes
Turn   | Place    | Note
-------+----------+-------------------------------------------
     0 | D:1      | Gorglomux the Gargoyle Fighter began the quest for the Orb.
     0 | D:1      | Reached XP level 1. HP: 14/14 MP: 1/1
   228 | D:1      | Reached XP level 2. HP: 19/19 MP: 2/2
   495 | D:1      | Reached XP level 3. HP: 6/23 MP: 3/3
  1524 | D:2      | Reached XP level 4. HP: 26/29 MP: 4/4
  2058 | D:3      | Found a runed door.
  2187 | D:3      | Noticed Sigmund
  2207 | D:3      | Gained mutation: You have a pair of small horns on your head. [potion of mutation]
  2207 | D:3      | Gained mutation: Your magical capacity is low. (-10% MP) [potion of mutation]
  2207 | D:3      | Gained mutation: You are surrounded by a mild repulsion field. (EV +2) [potion of mutation]
  2209 | D:3      | Killed Sigmund
  2209 | D:3      | Reached skill level 3 in Axes
  2209 | D:3      | Reached XP level 5. HP: 11/34 MP: 4/4
  2209 | D:3      | Reached XP level 6. HP: 13/39 MP: 5/5
  2627 | D:4      | Reached XP level 7. HP: 42/44 MP: 6/6
  2723 | D:4      | Found Inla's Book Boutique.
  3009 | D:5      | Entered Level 5 of the Dungeon
  3350 | D:5      | Found a staircase to the Ecumenical Temple.
  3368 | Temple   | Entered the Ecumenical Temple
  3637 | Temple   | Became a worshipper of the Shining One
  3773 | D:5      | Reached XP level 8. HP: 45/51 MP: 7/7
  3995 | D:6      | Reached skill level 6 in Fighting
  3995 | D:6      | Reached skill level 6 in Armour
  3995 | D:6      | Reached skill level 6 in Shields
  4077 | D:6      | Found a runed door.
  4078 | D:6      | Noticed Nattefrost's ghost (novice DrHu)
  4114 | D:6      | Noticed a white ugly thing
  4290 | D:6      | Found a shimmering altar of Xom.
  4368 | D:6      | Found an opulent altar of Gozag.
  4409 | D:6      | Reached * piety under the Shining One
  4452 | D:6      | Noticed Pikel
  4466 | D:6      | Blown up by Pikel

Skill      XL: |  1  2  3  4  5  6  7  8 |
---------------+-------------------------+-----
Axes           | 2 3 4 |  4.8
Armour         | 4 5 6 |  6.4
Fighting       | 4 5 6 |  6.3
Shields        | 4 5 6 |  6.3

Action                   |  1- 3 |  4- 6 |  7- 9 || total
-------------------------+-------+-------+-------++-------
Melee: War axe           |   110 |   110 |   167 ||   387
       Headbutt          |       |    13 |    35 ||    48
  Use: Potion            |       |     6 |       ||     6
  Eat: Chunk             |     2 |     4 |     6 ||    12
Armor: Scale mail        |    63 |    59 |    79 ||   201
Dodge: Dodged            |    36 |    53 |    68 ||   157
Block: Shield            |    53 |    72 |    78 ||   203
